 Dungeon Crawl Stone Soup version 0.27-a0-1202-ge72e49191c (webtiles) character file.

Game seed: 23913170805660639

25 wakim the Magician (level 3, -5/25 HPs)
             Began as a Djinni Conjurer on June 2, 2021.
             Slain by a scorpion (8 damage)
             ... on level 1 of the Dungeon.
             The game lasted 00:03:38 (1051 turns).

wakim the Magician (Djinni Conjurer)                Turns: 1051, Time: 00:03:38

Health: -5/25      AC:  2    Str:  6    XL:     3   Next: 20%
Gold:   13         EV: 12    Int: 20    God:
                   SH:  0    Dex: 11

rFire    + + .     SeeInvis .   (no weapon)
rCold    x . .     Faith    .   (no shield)
rNeg     . . .     Spirit   .   a - +0 robe
rPois    ∞         Reflect  .   (no helmet)
rElec    .         Harm     .   (no cloak)
rCorr    .         Rampage  .   (no gloves)
Will     .....                  (boots unavailable)
Stlth    ++........             (no amulet)
HPRegen  0.08/turn              (no ring)
MPRegen  0.00/turn              (no ring)

@: flying
A: sickness immunity, fire resistance 2, cold vulnerability 1, float, innate
caster, hp casting, extra vitality 1
a: no special abilities


You were on level 1 of the Dungeon.
You visited 1 branch of the dungeon, and saw 2 of its levels.

You collected 13 gold pieces.

Inventory:

Armour
 a - a +0 robe (worn)
Scrolls
 d - a scroll of enchant armour {unknown}
Potions
 b - 2 potions of haste {unknown}
 c - 2 potions of curing {unknown}
 e - a potion of resistance {unknown}
 f - a potion of berserk rage {unknown}
 g - a potion of magic {unknown}


   Skills:
 - Level 2.1 Dodging
 - Level 1.5 Stealth
 * Level 3.9 Spellcasting


You couldn't memorise any spells.
You knew the following spells:

 Your Spells              Type           Power      Damage    Failure   Level
a - Magic Dart            Conj           76%        1d6       2%          1
b - Dazzling Flash        Conj/Hex       38%        N/A       8%          3
c - Corona                Hex            21%        N/A       2%          1
s - Searing Ray           Conj           38%        3d4       3%          2
x - Iskenderun's Mystic   Conj/Tloc      19%        2d6       26%         4
z - Fulminant Prism       Conj/Hex       9%         3d7       26%         4
Your spell library was empty.

Dungeon Overview and Level Annotations

Branches:
Dungeon (2/15)

Altars:

Shops:
D:1 !


Innate Abilities, Weirdness & Mutations

You are immune to sickness and miasma.
You are immune to poison.
Your flesh is very heat resistant. (rF++)
You are vulnerable to cold. (rC-)
You float through the air rather than walking.
You learn spells naturally, not from books.
Your magical power is your life essence.
You have superior vitality. (+4 HP)


Message History

Aiming: Searing Ray (safe; 3% risk of failure)
Press: ? - help, Shift-Dir - straight line, f - scorpion
Aim: a scorpion (78% to hit)
The searing ray hits the scorpion.
The scorpion is moderately wounded. (Press . to maintain the ray.)
The scorpion barely misses you.
The searing ray hits the scorpion but does no damage.
The scorpion is moderately wounded.
The scorpion stings you!
The searing ray hits the scorpion.
The scorpion is moderately wounded.
* * * LOW HITPOINT WARNING * * *
The scorpion barely misses you.
Casting: Searing Ray (safe; 3% risk of failure)
Confirm with . or Enter, or press ? or * to list all spells.
You aren't experienced enough to cast this spell.
Unknown command.
Casting: Searing Ray (safe; 3% risk of failure)
Confirm with . or Enter, or press ? or * to list all spells.
Aiming: Searing Ray (safe; 3% risk of failure)
Press: ? - help, Shift-Dir - straight line, f/p - scorpion
Aim: a scorpion (moderately wounded, 78% to hit)
The searing ray misses the scorpion. (Press . to maintain the ray.)
* * * LOW HITPOINT WARNING * * *
The scorpion stings you!
* * * LOW HITPOINT WARNING * * *
The searing ray hits the scorpion!
The scorpion is severely wounded.
* * * LOW HITPOINT WARNING * * *
The scorpion barely misses you. The scorpion closely misses you.
The scorpion closely misses you. The scorpion closely misses you.
There is a stone staircase leading up here.
The scorpion stings you but does no damage.
You fly upwards.
There is a stone staircase leading down here.
The scorpion stings you!
You die...

# #....#..#.........# #.##.
###########..#...#.###.####.##.
#......####..#...#.# #...##.##.
#..#.#.##........#.#####.##.##.
###.......#.#.....##.......##.##.
.....#.#..#.###.#^###########.##.
..........+.......#......####'##.
..........#.###...#.#............
..........#.# #.@s#.#............
..........#.###.#>#.#............
..........#.....###.#............
..................#.#.........)..
.######.....#####.#.#........(...
.# #.....# #.#.#............ .#
##############.#.#............ .#
#............#.#.#............
.###.#.#........#...#............


You could see a scorpion.

Vanquished Creatures
  An adder (D:2)
  A dart slug (D:1)
  An endoplasm (D:1)
  A giant cockroach (D:1)
  2 goblins (D:1)
  A hobgoblin (D:1)
  A kobold (D:1)
  A ball python (D:1)
  3 bats
  2 rats (D:1)
14 creatures vanquished.

Notes
Turn   | Place    | Note
-------+----------+-------------------------------------------
     0 | D:1      | wakim the Djinni Conjurer began the quest for the Orb.
     0 | D:1      | Reached XP level 1. HP: 15/15 MP: 0/0
   250 | D:1      | Found Esufosh's Distillery.
   284 | D:1      | Reached XP level 2. HP: 17/21 MP: 0/0
   990 | D:2      | Reached XP level 3. HP: 22/25 MP: 0/0
   990 | D:2      | Learned a level 1 spell: Corona
  1033 | D:2      | Noticed a scorpion
  1051 | D:1      | Slain by a scorpion

Illustrated notes

Levels and vault maps discovered:
D:1:      eino_arrival_cavern_e, layout_basic, serial_glass, glass_columns_a,
          glass_columns_a, glass_columns_a, glass_columns_a, glass_columns_a,
          glass_columns_b, serial_shops, shop_statue
D:2:      layout_loops_ring, shapermc_ecumenical_altar_mp_urbaneastern

Action                   || total
-------------------------++-------
 Cast: Magic Dart        ||    23
       Searing Ray       ||     3
Armor: Robe              ||     1
Dodge: Dodged            ||     6

Table legend: (Time is in decaauts)
 A = Elapsed time spent in this place.
 B = Non-inter-level travel time spent in this place.
 C = Inter-level travel time spent in this place.
 D = Time resting spent in this place.
 E = Time spent auto-exploring this place.
 F = Levels seen in this place.
 G = Mean time per level.
                   A        B        C        D        E       F      G
               +--------+--------+--------+--------+--------+-----+--------+
         Total |   1051 |   1020 |     31 |      0 |    952 |   2 |  525.5 |
       Dungeon |   1051 |   1020 |     31 |      0 |    952 |   2 |  525.5 |
               +--------+--------+--------+--------+--------+-----+--------+

Top non-repeatable levels by time:
     D:1: 975 daAuts
     D:2: 75 daAuts
